 Dungeon Crawl Stone Soup version 0.25-a0-479-g8579842fd4 (webtiles) character file.

Game seed: 2110786442544587903, levelgen mode: classic

43 EnegeticOcto the Magician (level 3, -4/24 HPs)
             Began as a Mummy Earth Elementalist on Feb 9, 2020.
             Slain by a gnoll
             ... wielding a +0 flail
              (14 damage)
             ... on level 2 of the Dungeon.
             The game lasted 00:04:48 (597 turns).

EnegeticOcto the Magician (Mummy Earth Elementalist) Turns: 597, Time: 00:04:49

Health: -4/24      AC:  8    Str: 11    XL:     3   Next: 37%
Magic:  7/8        EV: 12    Int: 15    God:
Gold:   100        SH:  0    Dex: 12    Spells: 4/10 levels left

rFire    x . .     SeeInvis .   a - +1 dagger (venom)
rCold    + . .     Gourm    .   (no shield)
rNeg     + + +     Faith    .   c - +0 robe
rPois    ∞         Spirit   .   (no helmet)
rElec    .         Reflect  .   d - +0 cloak
rCorr    .         Harm     .   (no gloves)
MR       .....                  (no boots)
Stlth    ++........             e - amulet of magic regeneration
HPRegen  0.08/turn              f - +5 ring of protection
MPRegen  0.36/turn              (no ring)

@: very slightly contaminated
A: no food or potions, fire vulnerability, cold resistance 1, negative energy
resistance 3, torment resistance, unbreathing
a: no special abilities


You were on level 2 of the Dungeon.
You were not hungry.

You visited 1 branch of the dungeon, and saw 2 of its levels.

You collected 100 gold pieces.

Inventory:

Hand Weapons
 a - a +1 dagger of venom (weapon)
 i - a +0 trident
Missiles
 b - 21 stones (quivered)
Armour
 c - a +0 robe (worn)
 d - a +0 cloak (worn)
Jewellery
 e - an amulet of magic regeneration (around neck)
 f - a +5 ring of protection (left hand)
Scrolls
 g - a scroll of remove curse {unknown}
 h - a scroll of fear {unknown}
 j - a scroll of teleportation {unknown}


   Skills:
 - Level 1.5 Dodging
 - Level 1.5 Stealth
 + Level 4.1 Spellcasting
 - Level 0.7 Transmutations
 - Level 3.0 Earth Magic


You had 4 spell levels left.
You knew the following spells:

 Your Spells              Type           Power        Failure   Level  Hunger
a - Sandblast             Erth           ##....       5%          1    N/A
b - Stone Arrow           Conj/Erth      #.....       28%         3    N/A
p - Passwall              Tmut/Erth      #.......     13%         2    N/A

Your spell library contained the following spells:

 Spells                   Type           Power        Failure   Level  Hunger
 Petrify                  Tmut/Erth      #.......     63%         4    N/A
 Lee's Rapid Deconstruct  Erth           ##........   82%         5    N/A

Dungeon Overview and Level Annotations

Branches:
Dungeon (2/15)

Altars:
Zin


Innate Abilities, Weirdness & Mutations

You do not eat or drink.
Your flesh is vulnerable to fire.
You are immune to poison.
Your flesh is cold resistant. (rC+)
You are immune to negative energy. (rN+++)
You are immune to unholy pain and torment.
You can survive without breathing.


Message History

Found a scroll labeled UDELY RUGUQ.
Found 8 gold pieces.
j - a scroll labeled UDELY RUGUQ You now have 88 gold pieces (gained 8).
Found 12 gold pieces.
You now have 100 gold pieces (gained 12).
A kobold comes into view.
It is wielding a +2 short sword of protection.
The kobold moves out of view. 2 gnolls come into view.
The kobold throws a stone.
The stone barely misses you.
Found 22 stones and a helmet. 2 gnolls come into view.
There is an open door here.
Casting: Stone Arrow (safe; 30% risk of failure)
Confirm with . or Enter, or press ? or * to list all spells.
Aiming: Sandblast (safe; 5% risk of failure)
Press: ? - help, Shift-Dir - straight line, f - kobold
Aim: a kobold, wielding a +2 short sword of protection and quivering 2 stones The blast of sand hits the kobold but does no damage.
b - 27 stones The gnoll shouts! x2
The gnoll shouts!
The kobold throws a stone.
The stone hits you but does no damage.
You see here a stone.
Casting: Sandblast (safe; 5% risk of failure)
Confirm with . or Enter, or press ? or * to list all spells.
Aiming: Sandblast (safe; 5% risk of failure)
Press: ? - help, Shift-Dir - straight line, f/p - kobold
Aim: a kobold, wielding a +2 short sword of protection and quivering a stone The blast of sand hits the kobold but does no damage.
b - 26 stones The kobold throws a stone.
The stone barely misses you.
Casting: Sandblast (safe; 5% risk of failure)
Confirm with . or Enter, or press ? or * to list all spells.
Aiming: Sandblast (safe; 5% risk of failure)
Press: ? - help, Shift-Dir - straight line, f/p - kobold
Aim: a kobold, wielding a +2 short sword of protection The blast of sand hits the kobold but does no damage.
b - 25 stones You see here a stone.
You barely miss the kobold. The kobold barely misses you.
You hit the kobold but do no damage.
The kobold is poisoned.
The kobold hits you but does no damage.
You hit the kobold but do no damage.
The kobold looks even sicker.
The kobold is moderately wounded.
The kobold hits you with a +2 short sword of protection.
You see here a stone.
You kill the kobold!
Press: ? - help, v - describe, . - travel, g - get item
Here: a gnoll, wielding a +0 spear A stone.
The floor.
Casting: Sandblast (safe; 5% risk of failure)
Confirm with . or Enter, or press ? or * to list all spells.
Aiming: Sandblast (safe; 5% risk of failure)
Press: ? - help, Shift-Dir - straight line, f - gnoll
Aim: a gnoll, wielding a +0 flail The blast of sand hits the gnoll.
The gnoll is heavily wounded.
b - 24 stones
Casting: Sandblast (safe; 5% risk of failure)
Confirm with . or Enter, or press ? or * to list all spells.
Aiming: Sandblast (safe; 5% risk of failure)
Press: ? - help, Shift-Dir - straight line, f/p - gnoll
Aim: a gnoll, wielding a +0 flail (heavily wounded)
The blast of sand hits the gnoll.
The gnoll is almost dead.
b - 23 stones The gnoll hits you with a +0 flail.
Casting: Sandblast (safe; 5% risk of failure)
Confirm with . or Enter, or press ? or * to list all spells.
Aiming: Sandblast (safe; 5% risk of failure)
Press: ? - help, Shift-Dir - straight line, f/p - gnoll
Aim: a gnoll, wielding a +0 flail (almost dead)
You miscast Sandblast.
You are very lightly contaminated with residual magic.
You feel a surge of energy from the ground.
You hit the gnoll.
You kill the gnoll!
Your Spellcasting skill increases to level 4!
Casting: Sandblast (safe; 5% risk of failure)
Confirm with . or Enter, or press ? or * to list all spells.
Aiming: Sandblast (safe; 5% risk of failure)
Press: ? - help, Shift-Dir - straight line, f - gnoll
Aim: a gnoll, wielding a +0 flail The blast of sand hits the gnoll.
The gnoll is lightly wounded.
b - 22 stones The gnoll hits you with a +0 flail!
Casting: Sandblast (safe; 5% risk of failure)
Confirm with . or Enter, or press ? or * to list all spells.
Aiming: Sandblast (safe; 5% risk of failure)
Press: ? - help, Shift-Dir - straight line, f/p - gnoll
Aim: a gnoll, wielding a +0 flail The blast of sand hits the gnoll.
The gnoll is moderately wounded.
b - 21 stones The gnoll hits you with a +0 flail!
Ouch! That really hurt!
You die...

#.#######.#.#.# ..# #.# ##.##†#
#.# #.# ## #.# #.# #.### ##'# #.#
#...# ##... # ###.# ###.# ##....
[# ##.#.# ##.## #.....
..####....##########...####......
..'((...()..gg.g@.........+......
..####.....#######........#......
.# ##..#.### #.##.###.##..... #
#...#...# #.#.#.##.###....
#.#####.# #..###.#.# ##...
#...#...# #.## #..# ##+#
###.#.### #..###.#.# #.# #...#
#.#.#.##.# #.# ###.#
#........#####.#


You could see 3 gnolls.

Vanquished Creatures
  A gnoll (D:2)
  An adder (D:2)
  2 worms (D:2)
  A bat (D:1)
  A giant cockroach (D:2)
  2 goblins (D:2)
  2 ball pythons (D:2)
  A frilled lizard (D:2)
  8 kobolds
  2 rats (D:2)
21 creatures vanquished.

Notes
Turn   | Place    | Note
-------+----------+-------------------------------------------
     0 | D:1      | EnegeticOcto the Mummy Earth Elementalist began the quest
                  | for the Orb.
     0 | D:1      | Reached XP level 1. HP: 13/13 MP: 4/4
    42 | D:2      | Reached skill level 3 in Spellcasting
    42 | D:2      | Reached XP level 2. HP: 5/19 MP: 0/6
   291 | D:2      | Found a glowing silver altar of Zin.
   369 | D:2      | Reached XP level 3. HP: 18/24 MP: 5/8
   379 | D:2      | Learned a level 3 spell: Stone Arrow
   382 | D:2      | Learned a level 2 spell: Passwall
   592 | D:2      | Reached skill level 4 in Spellcasting
   597 | D:2      | Slain by a gnoll

Levels and vault maps discovered:
D:1:      lightli_arrival_quake, layout_loops_ring
D:2:      layout_loops_corners, marbit_many_paths, first_ration

Skill      XL: |  1  2  3 |
---------------+----------+-----
Spellcasting   | 3 4 |  4.1
Earth Magic    | 3 |  3.0
Dodging        | |  1.5
Stealth        | |  1.5
Transmutations | |  0.7

Action                   || total
-------------------------++-------
Melee: Dagger            ||    37
       Unarmed           ||     2
 Cast: Sandblast         ||    23
       Stone Arrow       ||     1
Armor: Robe              ||    21
Dodge: Dodged            ||    33

Table legend:
 A = Non-vault XP
 B = Vault XP
 C = Vault XP percentage of total XP
 D = Non-vault monster count
 E = Vault monster count
 F = Vault count percentage of total count
                 A         B        C        D         E       F
            +---------+---------+-------+---------+---------+-------
      Total |      61 |       1 |   1.6 |      20 |       1 |   4.8
            +---------+---------+-------+---------+---------+-------
        D:1 |       5 |       0 |   0.0 |       4 |       0 |   0.0
        D:2 |      56 |       1 |   1.8 |      16 |       1 |   5.9
            +---------+---------+-------+---------+---------+-------
